 Dungeon Crawl Stone Soup version 0.27-a0-972-gd1521fd518 (webtiles) character file.

Game seed: 13241815204010655770

1892 robertstho the Covert (level 9, -3/63 HPs)
             Began as an Octopode Berserker on Apr 13, 2021.
             Was a Believer of Trog.
             Slain by a gnoll
             ... wielding a +0 spear
              (6 damage)
             ... on level 7 of the Dungeon.
             The game lasted 00:05:41 (4900 turns).

robertstho the Covert (Octopode Berserker)          Turns: 4900, Time: 00:05:42

Health: -3/63      AC:  1    Str: 16    XL:     9   Next: 15%
Magic:  9/9        EV: 16    Int: 10    God:    Trog [**....]
Gold:   248        SH:  0    Dex: 20    Spells: 8/8 levels left

rFire    . . .     SeeInvis .   t - +1 dagger (venom)
rCold    . . .     Faith    .   (no shield)
rNeg     . . .     Spirit   .   (helmet restricted)
rPois    .         Reflect  .   (no amulet)
rElec    .         Harm     .   g - +6 ring of dexterity
rCorr    .         Rampage  .   (no ring)
Will     ++...                  (no ring)
Stlth    ++++++....             (no ring)
HPRegen  1.20/turn              (no ring)
MPRegen  0.11/turn              (no ring)
                                (no ring)
                                (no ring)

@: on berserk cooldown, regenerating, slowed, very slow
A: almost no armour, amphibious, 8 rings, camouflage 1, gelatinous body 1,
(nimble swimmer 1), tentacles
a: Renounce Religion, Berserk, Trog's Hand


You were on level 7 of the Dungeon.
You worshipped Trog.
Trog was pleased with you.
You visited 1 branch of the dungeon, and saw 6 of its levels.

You collected 248 gold pieces.

Inventory:

Hand Weapons
 a - a +0 falchion
 t - a +1 dagger of venom (weapon)
Jewellery
 g - a +6 ring of dexterity (left tentacle)
 o - a ring of willpower
 s - a +6 ring of intelligence
Wands
 k - a wand of flame (17)
 n - a wand of paralysis (2)
Scrolls
 e - a scroll of enchant armour {unknown}
 h - a scroll of brand weapon {unknown}
 i - 5 scrolls of teleportation {unknown}
 l - a scroll of acquirement {unknown}
 p - a scroll of magic mapping
Potions
 c - a potion of might
 d - 3 potions of flight {unknown}
 f - a potion of ambrosia {unknown}
 j - a potion of brilliance {unknown}
 m - a potion of cancellation
 q - a potion of mutation


   Skills:
 * Level 6.3 Fighting
 + Level 7.0 Long Blades
 + Level 5.0 Dodging
 * Level 9.5 Stealth


You had 8 spell levels left.
You didn't know any spells.
Your spell library was empty.

Dungeon Overview and Level Annotations

Branches:
Dungeon (7/15)             Temple (0/1) D:5

Altars:
Makhleb
Qazlal

Shops:
D:1 :

Annotations:
D:4 2 transporters, corevian's ghost, amateur DsFi


Innate Abilities, Weirdness & Mutations

You cannot wear most types of armour.
You are amphibious.
You can wear up to eight rings at the same time.
Your skin changes colour to match your surroundings (Stealth+).
Your rubbery body absorbs attacks. (AC +1, EV +1)
((You are camouflaged near water. (Stealth+)))
You have tentacles for arms and can constrict up to eight enemies at once.


Message History

The gnoll seems to speed up.
You puncture the gnoll shaman!
You kill the gnoll shaman!
Trog accepts your kill. The gnoll barely misses you.
You see here a +0 halberd.
You feel a strong urge to attack something.
You are no longer berserk.
You are exhausted.
You feel yourself slow down.
Things that are here:
a +0 flail; a +0 flail; a gnoll corpse The gnoll barely misses you.
The gnoll closely misses you.
Your skin stops crawling.
You feel less strong-willed.
The gnoll hits you from afar with a +0 spear.
The gnoll hits you from afar with a +0 spear!
The gnoll hits you from afar with a +0 spear.
As you read the scroll labelled OKUIRUYCIX, it crumbles to dust.
Your body is wracked with pain!
* * * LOW HITPOINT WARNING * * *
The gnoll convulses! x4; It was a scroll of torment.
The gnoll misses you. x2
The gnoll hits you from afar with a +0 spear.
* * * LOW HITPOINT WARNING * * *
You feel better.
The gnoll hits you from afar with a +0 spear.
* * * LOW HITPOINT WARNING * * *
The gnoll barely misses you.
The gnoll hits you from afar with a +0 spear.
* * * LOW HITPOINT WARNING * * *
The gnoll misses you. The gnoll misses you. The gnoll completely misses you.
The gnoll misses you.
Your skin crawls.
You feel strong-willed. The gnoll misses you. The gnoll barely misses you.
The gnoll closely misses you.
The gnoll hits you from afar with a +0 spear!
* * * LOW HITPOINT WARNING * * *
The gnoll hits you from afar with a +0 spear.
You die...

# #)#### # ...# # ####
#########.#######......
#.....g..gg.g)))...# #.
#.####g########)#.####.
#g# .#...... #g#
.....##. #.# .###.##.
#@# .# #.... #.##
#.###.### #..#
#........ ##.#
########. #.# #. #.# #.
#.# #. #.# #. #.# ##


You could see 4 gnolls.

Vanquished Creatures
  A manticore (D:7)
  Grinder (D:4)
  Sigmund (D:6)
  A water moccasin (D:6)
  A black bear (D:5)
  An ogre (D:6)
  A necrophage (D:4)
  A phantom (D:4)
  A lemure (D:6)
  Blork the orc (D:4)
  A bullfrog (D:6)
  A gnoll sergeant (D:7)
  A scorpion (D:5)
  A hound (D:4)
  A bullfrog zombie (D:6)
  A centaur skeleton (D:5)
  An orc priest (D:4)
  A gnoll shaman (D:7)
  A bullfrog skeleton (D:4)
  Natasha (thrice) (D:4)
  2 iguanas
  A killer bee zombie (D:6)
  Robin (D:4)
  An adder (D:6)
  4 gnolls (D:7)
  An ufetubus (D:6)
  An adder skeleton (D:4)
  A worm (D:2)
  A dart slug (D:2)
  9 orcs
  6 ball pythons
  6 endoplasms
  2 giant cockroaches
  12 goblins
  8 hobgoblins
  2 jackals (D:1)
  7 kobolds
  3 quokkas
  A bat (D:1)
  A frilled lizard (D:1)
  6 rats (D:1)
98 creatures vanquished.

Vanquished Creatures (others)
  9 plants
9 creatures vanquished.

Grand Total: 107 creatures vanquished

Notes
Turn   | Place    | Note
-------+----------+-------------------------------------------
     0 | D:1      | robertstho the Octopode Berserker began the quest for the
                  | Orb.
     0 | D:1      | Reached XP level 1. HP: 16/16 MP: 1/1
   194 | D:1      | Reached XP level 2. HP: 15/21 MP: 2/2
   432 | D:1      | Reached skill level 1 in Stealth
   491 | D:1      | Reached XP level 3. HP: 25/26 MP: 3/3
  1100 | D:1      | Found Cutec's Book Boutique.
  1249 | D:2      | Found a faded altar of an unknown god.
  1440 | D:2      | You fall into a shaft and drop 2 floors!
  1466 | D:4      | Found a burning altar of Makhleb.
  1517 | D:4      | Reached ** piety under Trog
  1524 | D:4      | Reached skill level 2 in Stealth
  1544 | D:4      | Reached XP level 4. HP: 30/33 MP: 4/4
  1567 | D:4      | Noticed Robin
  1572 | D:4      | Killed Robin
  1847 | D:4      | Noticed Grinder
  1852 | D:4      | Noticed Blork the orc
  1856 | D:4      | Killed Grinder
  1857 | D:4      | Reached skill level 4 in Stealth
  1857 | D:4      | Reached XP level 5. HP: 36/38 MP: 5/5
  1857 | D:4      | Reached XP level 6. HP: 42/44 MP: 6/6
  1862 | D:4      | Killed Blork the orc
  1958 | D:4      | Identified the +1 scale mail of Toreafudgh {Int+2}
  1958 | D:4      | Identified the +2 buckler "Mole" {rElec}
  1992 | D:4      | Reached skill level 5 in Stealth
  2067 | D:4      | Noticed corevian's ghost (amateur DsFi)
  2108 | D:4      | Found a transporter.
  2115 | D:4      | Found a transporter.
  2141 | D:4      | Noticed Natasha
  2147 | D:4      | Killed Natasha
  2268 | D:4      | Noticed Natasha
  2279 | D:4      | Killed Natasha
  2280 | D:4      | Found a stormy altar of Qazlal.
  2288 | D:4      | Reached XP level 7. HP: 44/49 MP: 7/7
  2381 | D:4      | Noticed Natasha
  2385 | D:4      | Killed Natasha
  2393 | D:4      | Reached skill level 6 in Stealth
  2619 | D:4      | Reached skill level 5 in Long Blades
  3026 | D:5      | Entered Level 5 of the Dungeon
  3051 | D:5      | Found a staircase to the Ecumenical Temple.
  3146 | D:5      | Reached skill level 7 in Stealth
  3174 | D:5      | Reached skill level 5 in Fighting
  3621 | D:5      | Reached XP level 8. HP: 43/55 MP: 8/8
  3856 | D:6      | Reached skill level 8 in Stealth
  4307 | D:6      | Noticed Sigmund
  4318 | D:6      | Killed Sigmund
  4631 | D:7      | Noticed a manticore
  4643 | D:7      | Killed a manticore
  4644 | D:7      | Reached skill level 5 in Dodging
  4644 | D:7      | Reached skill level 9 in Stealth
  4644 | D:7      | Reached XP level 9. HP: 40/62 MP: 9/9
  4900 | D:7      | HP: 3/63 [gnoll/+0 spear (10)]
  4900 | D:7      | Slain by a gnoll

Illustrated notes

Levels and vault maps discovered:
D:1:      wheals_arrival_shading, layout_basic, serial_shops, shop,
          amcnicky_mini_rare_corridor_liquid, serial_bayou_lagoon_a,
          serial_bayou_pond_b
D:2:      layout_rooms, hellmonk_ecumenical_altar_run_dry, serial_rivers,
          chequers_serial_rivers_micro_d, chequers_serial_rivers_micro_b,
          chequers_serial_rivers_micro_b, chequers_serial_rivers_micro_b,
          minivault_11, minivault_26, uniq_jessica
D:4:      layout_loops_ring, lemuel_doored_altar, grunt_qazlal_clouds,
          gammafunk_ghost_gnarly_gnolls, uniq_blork_the_orc, uniq_grinder,
          uniq_natasha, uniq_robin
D:5:      layout_loops_ring, minmay_temple_entry_statues_pillars
D:6:      layout_cave_pools, uniq_sigmund
D:7:      layout_loops_ring, uniq_crazy_yiuf_cottage, uniq_prince_ribbit1,
          uniq_joseph, uniq_pikel

Skill      XL: |  1  2  3  4  5  6  7  8  9 |
---------------+----------------------------+-----
Stealth        | 1 2 4 5 7 9 |  9.5
Fighting       | 4 5 6 |  6.3
Long Blades    | 4 5 6 7 |  7.0
Dodging        | 4 5 |  5.0

Action                   |  1- 3 |  4- 6 |  7- 9 || total
-------------------------+-------+-------+-------++-------
Melee: Falchion          |    66 |    29 |   103 ||   198
       Constrict         |    23 |     7 |    29 ||    59
       Tentacles         |    23 |    14 |    40 ||    77
       Dagger            |       |       |    13 ||    13
Invok: Berserk           |     3 |     2 |     6 ||    11
       Trog's Hand       |       |     1 |     3 ||     4
  Use: Scroll            |     1 |       |     6 ||     7
       Potion            |       |       |     1 ||     1
 Stab: Sleeping          |     6 |     2 |    10 ||    18
Armor: Skin              |     2 |     2 |     8 ||    12
Dodge: Dodged            |    39 |    19 |   111 ||   169
       Rpst.: Falchion   |    12 |     8 |    21 ||    41

Table legend: (Time is in decaauts)
 A = Elapsed time spent in this place.
 B = Non-inter-level travel time spent in this place.
 C = Inter-level travel time spent in this place.
 D = Time resting spent in this place.
 E = Time spent auto-exploring this place.
 F = Levels seen in this place.
 G = Mean time per level.
                   A        B        C        D        E       F      G
               +--------+--------+--------+--------+--------+-----+--------+
         Total |   5005 |   4888 |    117 |    964 |   3225 |   6 |  834.2 |
       Dungeon |   5005 |   4888 |    117 |    964 |   3225 |   6 |  834.2 |
               +--------+--------+--------+--------+--------+-----+--------+

Top non-repeatable levels by time:
     D:4: 1637 daAuts
     D:1: 1230 daAuts
     D:6: 914 daAuts
     D:5: 816 daAuts
     D:2: 231 daAuts
     D:7: 174 daAuts
